 Dungeon Crawl Stone Soup version 0.27-a0-412-g8dd771eca2 (webtiles) character file.

Game seed: 9561653887199531070

9 wakim the Shield-Bearer (level 2, 24/24 HPs)
             Began as a Formicid Fighter on Feb 23, 2021.
             Got out of the dungeon alive.
             The game lasted 00:01:04 (454 turns).

wakim the Shield-Bearer (Formicid Fighter)           Turns: 454, Time: 00:01:05

Health: 24/24      AC:  6    Str: 20    XL:     2   Next: 20%
Magic:  2/2        EV:  7    Int:  7    God:
Gold:   0          SH:  9    Dex: 10    Spells: 1/1 levels left

rFire    . . .     SeeInvis +   a - +0 rapier
rCold    . . .     Faith    .   c - +0 kite shield
rNeg     . . .     Spirit   .   b - +0 scale mail
rPois    .         Reflect  .   (helmet unavailable)
rElec    .         Harm     .   (no cloak)
rCorr    .         Rampage  .   (no gloves)
Will     .....                  (no boots)
Stlth    ..........             (no amulet)
HPRegen  0.08/turn              (no ring)
MPRegen  0.08/turn              (no ring)

@: no status effects
A: permanent stasis, dig shafts and tunnels, four strong arms, antennae 3
a: Dig, Shaft Self


You escaped.
You visited 1 branch of the dungeon, and saw 1 of its levels.

Inventory:

Hand Weapons
 a - a +0 rapier (weapon)
Armour
 b - a +0 scale mail (worn)
 c - a +0 kite shield (worn)
Scrolls
 e - 2 scrolls of teleportation {unknown}
Potions
 d - a potion of might
 f - a potion of berserk rage {unknown}
 g - a potion of flight {unknown}


   Skills:
 + Level 3.3 Fighting
 * Level 2.2 Short Blades
 + Level 3.4 Armour
 * Level 1.2 Stealth
 + Level 3.7 Shields


You had one spell level left.
You didn't know any spells.
Your spell library was empty.

Dungeon Overview and Level Annotations

Branches:
Dungeon (1/15)

Altars:


Innate Abilities, Weirdness & Mutations

You cannot be hasted, slowed, berserked, paralysed or teleported.
You can dig through walls and to a lower floor.
Your four strong arms can wield two-handed weapons with a shield.
You have a pair of large antennae on your head. (SInv)


Message History

A rat and a goblin come into view.
The goblin hits you but does no damage.
You closely miss the goblin. The goblin hits you but does no damage.
You miss the goblin. The goblin barely misses you. The rat bites you.
You block the goblin's attack.
You barely miss the goblin. The rat barely misses you.
The goblin hits you with a +0 club.
You hit the rat.
You kill the rat!
The goblin closely misses you.
You see here a rat corpse.
You hit the goblin.
You kill the goblin!
You have reached level 2!
You start resting.
HP restored.
You see here a +0 club.
You sense a monster nearby.
As you open the door, it creaks loudly!
A dart slug comes into view.
The dart slug launches a dart at you. The slug dart hits you.
Found 9 gold pieces and a club.
There is an open door here.
You hit the dart slug.
The dart slug is heavily wounded.
You block the dart slug's attack.
You hit the dart slug.
The dart slug is almost dead.
The dart slug bites you but does no damage.
You puncture the dart slug!
You kill the dart slug!
There is an open door here.
You open the door.
There is an open door here.
(D) Dungeon
Where to? (Enter - D:1 @ (x,y), ? - help)
There is a staircase leading out of the dungeon here.
Are you sure you want to leave the Dungeon?
This will make you lose the game!
You have escaped!

.# .# .#
.##########
..........#
.######.##########
.# #.'....♣P#P##
## ###≈≈≈..♣P#.♣
##≈8....@♣# #
####≈≈≈..♣P#.♣ ##
##..'....♣P#P##
.####...##########
.+..............
.####....#######
## ##^#.# # ###.#
#.#


There were no monsters in sight!

Vanquished Creatures
  A dart slug (D:1)
  3 goblins (D:1)
  A bat (D:1)
  2 frilled lizards (D:1)
  A rat (D:1)
8 creatures vanquished.

Notes
Turn   | Place    | Note
-------+----------+-------------------------------------------
     0 | D:1      | wakim the Formicid Fighter began the quest for the Orb.
     0 | D:1      | Reached XP level 1. HP: 18/18 MP: 1/1
   176 | D:1      | Reached skill level 1 in Stealth
   328 | D:1      | Reached XP level 2. HP: 18/24 MP: 2/2
   454 | D:$      | Got out of the dungeon alive.

Illustrated notes

Levels and vault maps discovered:
D:1:      tarquinn_simple_flora_water_d, layout_loops_corners

Skill      XL: |  1 |
---------------+----+-----
Stealth        | 1 |  1.2
Fighting       | |  3.3
Short Blades   | |  2.2
Armour         | |  3.4
Shields        | |  3.7

Action                   || total
-------------------------++-------
Melee: Rapier            ||    25
Armor: Scale mail        ||     8
Dodge: Dodged            ||     8
Block: Kite shield       ||     8

Table legend: (Time is in decaauts)
 A = Elapsed time spent in this place.
 B = Non-inter-level travel time spent in this place.
 C = Inter-level travel time spent in this place.
 D = Time resting spent in this place.
 E = Time spent auto-exploring this place.
 F = Levels seen in this place.
 G = Mean time per level.
                   A        B        C        D        E       F      G
               +--------+--------+--------+--------+--------+-----+--------+
         Total |    461 |    421 |     40 |    178 |    163 |   1 |  461.0 |
       Dungeon |    461 |    421 |     40 |    178 |    163 |   1 |  461.0 |
               +--------+--------+--------+--------+--------+-----+--------+

Top non-repeatable levels by time:
     D:1: 461 daAuts
